 Dungeon Crawl Stone Soup version 0.29.0-4-gdea44cf6ec (webtiles) character file.

Game seed: 14503618010514790954

175 qw the Chopper (level 5, 0/30 HPs)
             Began as a Tengu Warper on Aug 28, 2022.
             Slain by a gnoll
             ... wielding a +0 flail
              (8 damage)
             ... on level 3 of the Dungeon.
             The game lasted 00:00:18 (2577 turns).

qw the Chopper (Tengu Warper)                       Turns: 2577, Time: 00:00:19

Health: 0/30       AC:  9    Str: 13    XL:     5   Next: 55%
Magic:  9/9        EV:  7    Int: 14    God:
Gold:   104        SH:  0    Dex: 11    Spells: 8/8 levels left

rFire   . . .      SeeInvis .   Y - +0 hand axe
rCold   . . .      Faith    .   (no shield)
rNeg    . . .      Spirit   .   f - +0 chain mail
rPois   .          Reflect  .   (helmet restricted)
rElec   .          Harm     .   (no cloak)
rCorr   .          Rampage  .   l - +0 pair of gloves
Will    .....                   (boots unavailable)
Stlth   ..........              (no amulet)
HPRegen 0.10/turn               (no ring)
MPRegen 0.11/turn               (no ring)

@: flying quickly and evasively, quick
A: beak, talons 3, nimble flight, clumsy 1, evolution 1
a: no special abilities


You were on level 3 of the Dungeon.
You visited 1 branch of the dungeon, and saw 3 of its levels.

You collected 104 gold pieces.


Innate Abilities, Weirdness & Mutations

You have a beak for a mouth.
You have claws for feet.
Your magical nature lets you fly swiftly and evasively.
You are clumsy. (Dex -2)
You have hidden genetic potential.


   Skills:
 - Level 2.0 Fighting
 - Level 5.9 Axes
 - Level 1.0 Throwing
 + Level 1.8 Armour
 - Level 2.1 Dodging
 - Level 2.0 Spellcasting
 - Level 2.4 Translocations


You had 8 spell levels left.
You didn't know any spells.
Your spell library contained the following spells:

 Spells                   Type           Power      Damage    Failure   Level
 Blink                    Tloc           16%        N/A       99%         2
 Gell's Gravitas          Tloc           8%         N/A       100%        3
 Lesser Beckoning         Tloc           8%         N/A       100%        3
 Teleport Other           Tloc           8%         N/A       100%        3
 Manifold Assault         Tloc           8%         N/A       100%        5

Inventory:

Hand Weapons
 h - a +0 whip
 Y - a +0 hand axe (weapon)
Armour
 f - a +0 chain mail (worn)
 l - a +0 pair of gloves (worn)
Jewellery
 c - a ring of ice
Scrolls
 j - a scroll of identify
 m - 2 scrolls of teleportation
Potions
 a - a potion of mutation
 b - a potion of attraction {unknown}
 g - 3 potions of haste
 i - a potion of degeneration {unknown}
 k - a potion of lignification {unknown}
 o - 2 potions of curing
 q - a potion of magic {unknown}

Dungeon Overview and Level Annotations

Branches:
Dungeon (3/15)

Altars:


Message History

The gnoll barely misses you.
You hit the gnoll. You claw the gnoll.
The gnoll is heavily wounded.
The gnoll hits you but does no damage. x2
You closely miss the gnoll. You claw the gnoll, but do no damage.
The gnoll is heavily wounded.
The gnoll hits you from afar with a +0 vorpal spear.
The gnoll hits you with a +0 whip.
You hit the gnoll. You claw the gnoll.
You kill the gnoll!
The gnoll barely misses you.
The gnoll hits you with a +0 vorpal spear.
You hit the gnoll. You peck the gnoll, but do no damage.
The gnoll is lightly wounded.
The gnoll hits you but does no damage.
You hit the gnoll.
The gnoll is moderately wounded.
You hit the gnoll but do no damage. You claw the gnoll, but do no damage.
Your punch misses the gnoll.
The gnoll is moderately wounded.
The gnoll hits you with a +0 vorpal spear.
You barely miss the gnoll.
The gnoll is moderately wounded.
You hit the gnoll. The gnoll hits you with a +0 flail.
The gnoll hits you with a +0 vorpal spear.
You closely miss the gnoll. You claw the gnoll.
You peck the gnoll, but do no damage.
The gnoll is severely wounded.
You hit the gnoll.
The gnoll hits you but does no damage. x2
You barely miss the gnoll. Your peck misses the gnoll.
The gnoll is severely wounded.
You hit the gnoll. The gnoll barely misses you.
The gnoll hits you but does no damage.
You barely miss the gnoll. You claw the gnoll. Your peck misses the gnoll.
The gnoll is almost dead.
You hit the gnoll. The gnoll hits you with a +0 flail!
You die...

###############
###.....)@g......
#.......#g#######
#...#...#.#
#.#.#...#^###
#.##.#..........
#............P..
.......<...P77.P
..##........7 7.
#........P._


You could see 2 gnolls.

Vanquished Creatures
  A jelly (D:2)
  Jessica (D:2)
  2 gnolls (D:3)
  3 adders
  A dart slug (D:2)
  7 ball pythons
  6 endoplasms
  6 giant cockroaches (D:1)
  5 goblins
  4 hobgoblins
  4 jackals (D:1)
  8 kobolds
  5 quokkas (D:2)
  6 bats
  5 frilled lizards
  10 rats
74 creatures vanquished.

Vanquished Creatures (others)
  4 toadstools (D:1)
4 creatures vanquished.

Grand Total: 78 creatures vanquished

Notes
Turn   | Place    | Note
-------+----------+-------------------------------------------
     0 | D:1      | qw the Tengu Warper began the quest for the Orb.
     0 | D:1      | Reached XP level 1. HP: 12/12 MP: 4/4
     0 | D:1      | 0 ||| qw: Version: 0.1-a-89-g26bdef1
     0 | D:1      | 0 ||| qw: Game counter: 984
     0 | D:1      | 0 ||| qw: Always use a shield: true
     0 | D:1      | 0 ||| qw: God list: Okawaru
     0 | D:1      | 0 ||| qw: Allow faded altars: false
     0 | D:1      | 0 ||| qw: Do Orc after D:15 true
     0 | D:1      | 0 ||| qw: Do second Lair branch before Depths: true
     0 | D:1      | 0 ||| qw: Lair rune preference: random
     0 | D:1      | 0 ||| qw: Plans: Normal
     0 | D:1      | 0 ||| PLANNING D:1-11
    74 | D:1      | Reached XP level 2. HP: 14/17 MP: 6/6
   169 | D:1      | Reached skill level 3 in Axes
   224 | D:1      | 224 ||| Stepping ~*~*~tactically~*~*~ (stealth).
   386 | D:1      | 386 ||| DROPPING +0 club.
   565 | D:1      | Reached XP level 3. HP: 21/21 MP: 7/7
   690 | D:1      | Reached skill level 4 in Axes
   928 | D:1      | 928 ||| UPGRADING to +0 chain mail.
   938 | D:1      | 938 ||| DROPPING +0 leather armour.
   939 | D:1      | 939 ||| READING 2 scrolls labelled DOALEFRELO.
  1056 | D:1      | 1056 ||| READING scroll labelled USAOGRARIO.
  1057 | D:1      | 1057 ||| READING scroll labelled HEANARR LIGUIK.
  1062 | D:1      | 1062 ||| READING scroll labelled FOZUHO UDAEFRI.
  1063 | D:1      | 1063 ||| DROPPING scroll of torment.
  1064 | D:1      | 1064 ||| DROPPING scroll of blinking.
  1089 | D:2      | Noticed Jessica
  1090 | D:2      | 1090 ||| STAIRDANCE
  1095 | D:2      | 1095 ||| STAIRDANCE
  1103 | D:2      | 1103 ||| Stepping ~*~*~tactically~*~*~ (hiding).
  1106 | D:2      | 1106 ||| FLEEEEING.
  1107 | D:2      | 1107 ||| FLEEEEING.
  1108 | D:2      | 1108 ||| STAIRDANCE
  1179 | D:2      | Killed Jessica
  1180 | D:2      | Reached XP level 4. HP: 21/26 MP: 8/8
  1278 | D:2      | Reached skill level 5 in Axes
  1312 | D:2      | 1312 ||| Stepping ~*~*~tactically~*~*~ (stealth).
  1314 | D:2      | 1314 ||| Stepping ~*~*~tactically~*~*~ (stealth).
  1442 | D:2      | Gained mutation: Your magical nature lets you fly swiftly
                  | and evasively. [Tengu growth]
  1442 | D:2      | Reached XP level 5. HP: 16/30 MP: 9/9
  1654 | D:2      | Identified the +6 trident of Regicide {drain, *Rage rPois
                  | rCorr SInv}
  2460 | D:2      | 2460 ||| UPGRADING to +0 pair of gloves.
  2465 | D:2      | 2465 ||| DROPPING +6 ring of intelligence.
  2466 | D:2      | 2466 ||| READING scroll labelled ZOCOEPR TOTESS.
  2467 | D:2      | 2467 ||| READING scroll labelled FYL VURGHULIAD.
  2468 | D:2      | 2468 ||| DRINKING 2 fuming purple potions.
  2468 | D:2      | Gained mutation: You have hidden genetic potential. [potion
                  | of mutation]
  2468 | D:2      | Gained mutation: You are clumsy. (Dex -2) [potion of
                  | mutation]
  2469 | D:2      | 2469 ||| DRINKING 2 white potions.
  2470 | D:2      | 2470 ||| DRINKING 4 puce potions.
  2471 | D:2      | 2471 ||| DRINKING 3 amethyst potions.
  2472 | D:2      | 2472 ||| DROPPING potion of brilliance.
  2519 | D:3      | Found a faded altar of an unknown god.
  2525 | D:3      | 2525 ||| STAIRDANCE
  2577 | D:3      | Slain by a gnoll

Levels and vault maps discovered:
D:1:      ldierk_walled_garden_2, layout_rooms
D:2:      minmay_razor_zed, layout_basic, minmay_randomly_rotated_circles,
          uniq_jessica
D:3:      minmay_chambers_of_twos, layout_basic,
          grunt_dithmenos_smoke_and_mirrors, serial_shops, shop_statue,
          dreamdust_ecumenical_altar_grove, uniq_ijyb

Skill      XL: |  1  2  3  4 |
---------------+-------------+-----
Axes           | 3 4 5 |  5.9
Fighting       | |  2.0
Throwing       | |  1.0
Armour         | |  1.8
Dodging        | |  2.1
Spellcasting   | |  2.0
Translocations | |  2.4

Action                   |  1- 3 |  4- 6 || total
-------------------------+-------+-------++-------
Melee: Hand axe          |    72 |    89 ||   161
       Kick              |    15 |    20 ||    35
       Peck              |     9 |    10 ||    19
Throw: Boomerang         |     7 |       ||     7
  Use: Scroll            |     4 |     2 ||     6
       Potion            |       |     4 ||     4
Armor: Leather armour    |    18 |       ||    18
       Chain mail        |     6 |    42 ||    48
Dodge: Dodged            |    44 |    26 ||    70

Table legend:
 A = Non-vault XP
 B = Vault XP
 C = Vault XP percentage of total XP
 D = Non-vault monster count
 E = Vault monster count
 F = Vault count percentage of total count
                 A         B        C        D         E       F
            +---------+---------+-------+---------+---------+-------
      Total |     187 |      64 |  25.5 |      56 |      18 |  24.3
            +---------+---------+-------+---------+---------+-------
        D:1 |      65 |       0 |   0.0 |      33 |       0 |   0.0
        D:2 |      91 |      64 |  41.3 |      19 |      18 |  48.6
        D:3 |      31 |       0 |   0.0 |       4 |       0 |   0.0
            +---------+---------+-------+---------+---------+-------
